 Dungeon Crawl Stone Soup version 0.28.0-53-g5a82cb258f (webtiles) character file.

Game seed: 3178060218675853565

254 Havoc the Magician (level 5, -4/38 HPs)
             Began as a Draconian Earth Elementalist on June 1, 2022.
             Was an Initiate of Sif Muna.
             Slain by an ogre
             ... wielding a +0 giant club
              (20 damage)
             ... on level 3 of the Dungeon.
             The game lasted 00:34:20 (4035 turns).

Havoc the Magician (Draconian Earth Elementalist)   Turns: 4035, Time: 00:34:20

Health: -4/38      AC:  5    Str: 10    XL:     5   Next: 90%
Magic:  8/10       EV: 11    Int: 18    God:    Sif Muna [......]
Gold:   166        SH:  4    Dex: 11    Spells: 6/11 levels left

rFire   . . .      SeeInvis .   k - +0 short sword (holy)
rCold   . . .      Faith    .   c - +0 buckler
rNeg    . . .      Spirit   .   (armour unavailable)
rPois   .          Reflect  .   (helmet restricted)
rElec   .          Harm     .   (no cloak)
rCorr   .          Rampage  .   (no gloves)
Will    .....                   (no boots)
Stlth   ++........              (no amulet)
HPRegen 0.12/turn               (no ring)
MPRegen 0.12/turn               (no ring)

@: no status effects
A: AC +5, unfitting armour, cold-blooded
a: Renounce Religion


You were on level 3 of the Dungeon.
You worshipped Sif Muna.
Sif Muna was noncommittal.
You visited 1 branch of the dungeon, and saw 4 of its levels.

You collected 166 gold pieces.

Inventory:

Hand Weapons
 k - a +0 short sword of holy wrath (weapon)
Missiles
 b - 106 stones
 j - 2 poisoned darts
Armour
 c - a +0 buckler (worn)
Jewellery
 h - an amulet of reflection
 l - a ring of see invisible
 o - a ring of willpower
Wands
 n - a wand of flame (24)
Scrolls
 d - a scroll of identify {unknown}
 f - 4 scrolls of teleportation {unknown}
 g - a scroll of vulnerability {unknown}
 i - 2 scrolls of noise {unknown}
 m - a scroll of enchant weapon {unknown}
 p - a scroll of magic mapping {unknown}
 q - a scroll of fear {unknown}
Potions
 a - a potion of haste {unknown}
 e - a potion of curing {unknown}


   Skills:
 - Level 1.7 Dodging
 - Level 1.7 Stealth
 + Level 2.5 Shields
 + Level 3.8 Spellcasting
 + Level 2.7 Conjurations
 - Level 1.0 Transmutations
 - Level 3.6 Earth Magic


You had 6 spell levels left.
You knew the following spells:

 Your Spells              Type           Power      Damage    Failure   Level
a - Sandblast             Erth           32%        2d9       4%          1
b - Passwall              Tmut/Erth      9%         N/A       12%         2
c - Searing Ray           Conj           26%        2d5       10%         2

Your spell library contained the following spells:

 Spells                   Type           Power      Damage    Failure   Level
 Magic Dart               Conj           52%        1d5       6%          1
 Stone Arrow              Conj/Erth      28%        3d8       16%         3
 Animate Skeleton         Necr           6%         N/A       21%         1
 Pain                     Necr           12%        1d4       21%         1
 Blink                    Tloc           6%         N/A       30%         2
 Vampiric Draining        Necr           3%         2d6       52%         3
 Petrify                  Tmut/Erth      11%        N/A       58%         4
 Fulminant Prism          Conj/Hex       4%         3d6       75%         4
 Manifold Assault         Tloc           3%         N/A       99%         5
 Storm Form               Tmut/Air       2%         N/A       100%        7


Dungeon Overview and Level Annotations

Branches:
Dungeon (4/15)
 Temple: D:4-7

Altars:
Sif Muna
Uskayaw
Yredelemnul

Annotations:
D:2 Jessica


Innate Abilities, Weirdness & Mutations

Your plain brown scales are hard. (AC +5)
You cannot fit into any form of body armour.
You are cold-blooded and may be slowed by cold attacks.


Message History

(Press . to maintain the ray.)
Casting: Searing Ray (safe; 10% risk of failure)
Confirm with . or Enter, or press ? or * to list all spells.
Restarting spell: Searing Ray (safe; 10% risk of failure)
Press: ? - help, Shift-Dir - straight line, f/p - ogre
Aim: an ogre, wielding a +0 giant club (heavily wounded, 89% to hit)
The searing ray misses the ogre.
The searing ray hits the ogre.
The ogre is severely wounded. (Press . to maintain the ray.)
The ogre barely misses you.
Casting: Searing Ray (safe; 10% risk of failure)
Confirm with . or Enter, or press ? or * to list all spells.
Restarting spell: Searing Ray (safe; 10% risk of failure)
Press: ? - help, Shift-Dir - straight line, f/p - ogre
Aim: an ogre, wielding a +0 giant club (severely wounded, 89% to hit)
You miscast Searing Ray.
You are very lightly contaminated with residual magic.
Nothing appears to happen.
The ogre hits you with a +0 giant club!!
Ouch! That really hurt!
Your magical contamination has completely faded away.
There is a stone staircase leading up here.
Casting: Searing Ray (safe; 10% risk of failure)
Confirm with . or Enter, or press ? or * to list all spells.
Aiming: Sandblast (safe; 4% risk of failure)
Press: ? - help, Shift-Dir - straight line, f - ogre
Aim: an ogre, wielding a +0 giant club (heavily wounded, 90% to hit)
Okay, then.
The ogre hits you with a +0 giant club!
* * * LOW HITPOINT WARNING * * *
You climb upwards.
There is a stone staircase leading down here.
Aiming: Sandblast (safe; 4% risk of failure)
Press: ? - help, Q - select action, (/) - cycle Shift-Dir - straight line, f - ogre
Aim: an ogre, wielding a +0 giant club (moderately wounded, 90% to hit)
The blast of sand hits the ogre but does no damage.
The ogre is moderately wounded.
The ogre hits you with a +0 giant club!!
Ouch! That really hurt!
You die...

##..###..#.......#..#..##.#.#
#..# #..#...###.#..#..##.#.#
#..###.##...#.#.#..#..##.#..
#...........#...#..#..##.#..
#...##.#....#.###..#..##.#..
#...##O#...........#..##.#..
#...##.#..#.#.###.##..##.#..
##...##.#..#O#.# #........#..
#.......#..#@#.############..
##.#.##..>...................
#.....#....#...#########...#.
####..#....#.### #...##
#..#..#.#..#.# #...##
#.......#..#.# #....#
##.##...#..#.# #..#.#
#.##...#..#.# #..#..
#.##.#.#..#.# #..##.


You could see an ogre.

Vanquished Creatures
  A phantom (D:4)
  A centaur skeleton (D:3)
  An iguana (D:4)
  A hound skeleton (D:4)
  3 gnolls (D:3)
  2 adders
  An adder skeleton (D:4)
  A worm (D:3)
  A dart slug (D:1)
  4 endoplasms
  5 giant cockroaches
  3 goblins
  4 hobgoblins
  A quokka (D:1)
  5 ball pythons
  8 bats
  7 frilled lizards
  5 kobolds
  7 rats
61 creatures vanquished.

Vanquished Creatures (others)
  2 plants (D:1)
2 creatures vanquished.

Grand Total: 63 creatures vanquished

Notes
Turn   | Place    | Note
-------+----------+-------------------------------------------
     0 | D:1      | Havoc the Draconian Earth Elementalist began the quest for
                  | the Orb.
     0 | D:1      | Reached XP level 1. HP: 14/14 MP: 3/3
    13 | D:1      | Found a faded altar of an unknown god.
   433 | D:1      | Reached XP level 2. HP: 10/20 MP: 1/5
   436 | D:1      | Learned a level 2 spell: Passwall
  1589 | D:2      | Reached XP level 3. HP: 22/26 MP: 5/7
  1731 | D:2      | Noticed Jessica
  1804 | D:2      | Learned a level 2 spell: Searing Ray
  2285 | D:3      | Reached skill level 1 in Conjurations
  2285 | D:3      | Reached XP level 4. HP: 32/33 MP: 8/8
  2349 | D:3      | Reached skill level 1 in Shields
  2889 | D:3      | Found a hide-covered altar of Uskayaw.
  3556 | D:4      | Reached XP level 5. HP: 32/38 MP: 0/10
  3581 | D:4      | Found a basalt altar of Yredelemnul.
  3582 | D:4      | Found a shimmering blue altar of Sif Muna.
  3587 | D:4      | Became a worshipper of Sif Muna the Loreminder
  3886 | D:4      | Noticed a phantom
  3896 | D:4      | Killed a phantom
  3957 | D:4      | Noticed an ogre
  3957 | D:4      | Noticed an ogre
  4035 | D:3      | Slain by an ogre

Illustrated notes

Levels and vault maps discovered:
D:1:      lemuel_arrival_lava_pool, layout_rooms, serial_forest,
          infiniplex_forest_lined_1, infiniplex_forest_pool,
          infiniplex_forest_straight_4, infiniplex_forest_pool,
          infiniplex_forest_lined_room_3, infiniplex_forest_clump_tiny,
          infiniplex_forest_corner_2, infiniplex_forest_lined_4_way,
          infiniplex_forest_clump_small, infiniplex_forest_straight_3,
          ebering_ecumenical_altar_box
D:2:      layout_basic, uniq_jessica
D:3:      wander_river, layout_basic, old_standard_altar
D:4:      minmay_general_purpose_star, layout_basic, nemelex_dance_club_becter,
          gammafunk_temple_overflow_statue

Skill      XL: |  1  2  3  4  5 |
---------------+----------------+-----
Spellcasting   | 3 |  3.8
Conjurations   | 1 2 |  2.7
Shields        | 1 2 |  2.5
Dodging        | |  1.7
Stealth        | |  1.7
Transmutations | |  1.0
Earth Magic    | |  3.6

Action                   |  1- 3 |  4- 6 || total
-------------------------+-------+-------++-------
Melee: Club              |    77 |       ||    77
       Dagger            |     2 |       ||     2
       Tailslap          |    13 |     9 ||    22
       Short sword       |    24 |    48 ||    72
       Punch             |     1 |       ||     1
 Cast: Sandblast         |    37 |    32 ||    69
       Passwall          |     1 |       ||     1
       Searing Ray       |       |     6 ||     6
 Stab: Sleeping          |     1 |     1 ||     2
Armor: Skin              |    51 |    24 ||    75
Dodge: Dodged            |    69 |    46 ||   115
Block: Buckler           |     1 |     8 ||     9
